 Dungeon Crawl Stone Soup version 0.30-a0-52-g86a8295270 (webtiles) character file.

Game seed: 18224972741109346523

7243 robertstho the Grappler (level 11, -11/58 HPs)
             Began as a Vine Stalker Berserker on Sept 6, 2022.
             Was an Elder of Trog.
             Mangled by a tarantella (shapeshifter) (17 damage)
             ... on level 8 of the Dungeon.
             The game lasted 00:08:59 (8053 turns).

robertstho the Grappler (Vine Stalker Berserker)    Turns: 8053, Time: 00:09:00

Health: -11/58     AC: 17    Str: 23    XL:     11   Next: 12%
Magic:  0/12       EV: 12    Int:  7    God:    Trog [****..]
Gold:   310        SH:  0    Dex: 15    Spells: 10/10 levels left

rFire   . . .      SeeInvis .      - Unarmed
rCold   + . .      Faith    .    (no shield)
rNeg    . . .      Spirit   +    w - +0 plate armour
rPois   .          Reflect  .    f - +0 helmet
rElec   .          Harm     .    y - +0 cloak
rCorr   .          Rampage  .    (no gloves)
Will    +....                    o - +0 pair of boots
Stlth   ..........               b - amulet of magic regeneration
HPRegen 0.99/turn                e - ring of protection from cold
MPRegen 0.53/turn                x - +4 ring of evasion

@: confused
A: fangs 3, regeneration 1, magic shield, antimagic bite, no potion heal 2
a: Renounce Religion, Berserk, Trog's Hand, Brothers in Arms


You were on level 8 of the Dungeon.
You worshipped Trog.
Trog was greatly pleased with you.
You visited 1 branch of the dungeon, and saw 8 of its levels.

You collected 440 gold pieces.
You spent 130 gold pieces at shops.

Inventory:

Armour
 f - a +0 helmet (worn)
 o - a +0 pair of boots (worn)
 w - a +0 plate armour (worn)
 y - a +0 cloak (worn)
 C - a +0 leather armour of poison resistance
Jewellery
 b - an amulet of magic regeneration (around neck)
 e - a ring of protection from cold (left hand)
 x - a +4 ring of evasion (right hand)
Wands
 i - a wand of paralysis (7)
 j - a wand of light (1)
 k - a wand of polymorph (11)
 v - a wand of flame (1)
Scrolls
 l - 6 scrolls of teleportation
 m - 2 scrolls of immolation
 p - a scroll of vulnerability
 q - 3 scrolls of fear {unknown}
 r - a scroll of blinking
 t - a scroll of torment {unknown}
 u - a scroll of fog {unknown}
 B - a scroll of magic mapping {unknown}
 E - a scroll of identify
 F - a scroll of amnesia {unknown}
Potions
 a - 2 potions of ambrosia {unknown}
 c - 3 potions of haste {unknown}
 d - a potion of degeneration {unknown}
 g - 4 potions of curing
 h - a potion of brilliance {unknown}
 n - a potion of mutation
 s - a potion of magic
 z - 4 potions of might
 A - a potion of flight
 D - 2 potions of invisibility {unknown}


   Skills:
 * Level 7.2 Fighting
 * Level 8.4 Armour
 + Level 3.2 Dodging
 + Level 3.4 Stealth
 + Level 11.2 Unarmed Combat
 + Level 0.1 Evocations


You had 10 spell levels left.
You didn't know any spells.
Your spell library was empty.

Dungeon Overview and Level Annotations

Branches:
Dungeon (8/15)             Temple (0/1) D:6
   Lair: D:8-11

Altars:
Dithmenos
Elyvilon
Hepliaklqana
Makhleb
Nemelex Xobeh
Qazlal
Sif Muna
Trog
Vehumet
Xom
Yredelemnul
The Shining One

Shops:
D:6 *   D:8 :

Annotations:
D:8 drugrobin's ghost, novice DgDe


Innate Abilities, Weirdness & Mutations

You have razor-sharp teeth.
Your natural rate of healing is unusually fast.
When hurt, damage is shared between your health and your magic reserves.
Your bite disrupts and absorbs the magic of your enemies.
Potions cannot restore your health.


Message History

The yaktaur twists and deforms.
The yaktaur hits you but does no damage.
The neqoxec hits you but does no damage.
You punch the neqoxec! Your punch misses the neqoxec.
Your bite misses the neqoxec.
The neqoxec is almost dead.
The tarantella barely misses you.
The yaktaur is engulfed in mutagenic fog.
The yaktaur twists and deforms.
The yaktaur barely misses you. The tarantella touches you!
You are more confused.
The neqoxec hits you but does no damage.
You closely miss the tarantella. Your bite misses the tarantella.
The tarantella touches you but does no damage.
The yaktaur is engulfed in mutagenic fog.
The yaktaur hits you! The tarantella touches you!
* * * LOW HITPOINT WARNING * * *
You are more confused.
Unknown command.
You miss the tarantella. You bite the tarantella. You drain its power.
You feel invigorated.
The tarantella is lightly wounded.
The tarantella misses you.
The yaktaur is engulfed in mutagenic fog.
The yaktaur hits you but does no damage.
The neqoxec gestures at you.
Something tries to feed on your intellect!
The yaktaur is engulfed in mutagenic fog.
The yaktaur twists and deforms.
The yaktaur hits you!
* * * LOW HITPOINT WARNING * * *
The tarantella touches you but does no damage.
You closely miss the tarantella.
The tarantella is lightly wounded.
The tarantella touches you.
* * * LOW HITPOINT WARNING * * *
The neqoxec hits you but does no damage.
The yaktaur is engulfed in mutagenic fog.
The yaktaur barely misses you.
You bump into the stone wall.
The tarantella touches you!!
You die...

...#####.......#########....#####
.#.....÷.......##§!§§§##.........
.############'##..[!§§§####.#####
..............##.......# #.#
.#######...##.##.#.§.#.# #.# .#
#....#####.......# #.# .#
#....#...###y''### #.#
.######....#.#.#3c3§§..# #.#
.#....'........#@#...#.# #.##
.##########....##s#.#.## #..####
.##.≈##..≈##...#§#...#.# ##.....
.##≈}#.§≈.##...#...#...# ######
.####..§≈.##...#.#...#.#
.###.§.≈≈.#<...#.......#
.##..°≈≈≈.##.#.###'''###
.##.≈≈≈≈..#..#†#.......##
.##≈......#.##..........#


You could see a moth of wrath shaped shifter, a yaktaur (berserk, misshapen), 2
neqoxecs and a tarantella (berserk).

Vanquished Creatures
  5 ugly things (D:8)
  A gargoyle (D:6)
  A troll (D:6)
  Grinder (D:4)
  4 fire bats (D:8)
  A steam dragon (D:8)
  An acid dragon (D:5)
  6 water moccasins
  A hell hound (D:8)
  2 black bears
  5 ice beasts
  An ogre (D:4)
  A sky beast (D:8)
  2 centaurs (D:7)
  2 phantoms (D:5)
  A kobold brigand (D:6)
  3 necrophages
  A bullfrog (D:8)
  4 scorpions
  9 wights (D:7)
  A howler monkey (D:6)
  2 lava snakes (D:8)
  A crimson imp (D:4)
  2 jellies
  A hound (D:7)
  4 orc priests
  A gnoll bouda (D:8)
  4 iguanas
  Natasha (thrice) (D:2)
  5 orc wizards
  5 gnolls
  6 adders
  3 white imps (D:7)
  2 adder zombies (D:2)
  An adder skeleton (D:2)
  2 worms
  24 orcs
  6 ball pythons
  A bat zombie (D:2)
  7 endoplasms
  6 giant cockroaches
  5 goblins
  5 hobgoblins
  4 quokkas
  2 ball python skeletons (D:2)
  3 bats (D:1)
  4 frilled lizards
  6 kobolds
  3 rats
171 creatures vanquished.

Vanquished Creatures (others)
  3 fire vortices (D:8)
  11 withered plants (D:2)
14 creatures vanquished.

Grand Total: 185 creatures vanquished

Notes
Turn   | Place    | Note
-------+----------+-------------------------------------------
     0 | D:1      | robertstho the Vine Stalker Berserker began the quest for
                  | the Orb.
     0 | D:1      | Reached XP level 1. HP: 11/11 MP: 2/2
   614 | D:1      | Reached XP level 2. HP: 15/16 MP: 3/3
   651 | D:1      | Reached skill level 1 in Stealth
  1141 | D:1      | Reached XP level 3. HP: 15/20 MP: 4/4
  1295 | D:1      | Reached ** piety under Trog
  1511 | D:1      | Found a faded altar of an unknown god.
  1703 | D:2      | Noticed Natasha
  1704 | D:2      | Found the +4 dagger "Morg" {pain, Will+ Int+5}
  1715 | D:2      | Killed Natasha
  1722 | D:2      | Gained mutation: Your natural rate of healing is unusually
                  | fast. [Vine Stalker growth]
  1722 | D:2      | Reached XP level 4. HP: 21/24 MP: 2/5
  1898 | D:2      | Noticed Natasha
  1905 | D:2      | Killed Natasha
  2037 | D:2      | Noticed Natasha
  2043 | D:2      | Killed Natasha
  2044 | D:2      | Reached skill level 4 in Unarmed Combat
  2044 | D:2      | Reached XP level 5. HP: 5/29 MP: 1/6
  2197 | D:3      | Found a stormy altar of Qazlal.
  2200 | D:3      | Found a sparkling altar of Nemelex Xobeh.
  3128 | D:4      | Noticed Grinder
  3143 | D:4      | Killed Grinder
  3144 | D:4      | Reached XP level 6. HP: 5/33 MP: 4/7
  3323 | D:4      | Reached skill level 5 in Unarmed Combat
  3323 | D:4      | Reached XP level 7. HP: 31/37 MP: 6/8
  3602 | D:4      | Found a radiant altar of Vehumet.
  3602 | D:4      | Found a burning altar of Makhleb.
  3789 | D:5      | Entered Level 5 of the Dungeon
  3831 | D:5      | Reached *** piety under Trog
  3885 | D:5      | Gained mutation: You have razor-sharp teeth. [Vine Stalker
                  | growth]
  3885 | D:5      | Reached XP level 8. HP: 42/42 MP: 9/9
  3894 | D:5      | Found a bloodstained altar of Trog.
  3902 | D:5      | Reached skill level 6 in Unarmed Combat
  4001 | D:5      | Found a hazy altar of Hepliaklqana.
  4185 | D:5      | Found a basalt altar of Yredelemnul.
  4281 | D:5      | Reached skill level 5 in Fighting
  4281 | D:5      | Reached skill level 5 in Armour
  4551 | D:6      | Reached skill level 7 in Unarmed Combat
  4623 | D:6      | Reached XP level 9. HP: 21/47 MP: 10/10
  4735 | D:6      | Noticed a gargoyle
  4742 | D:6      | Killed a gargoyle
  4747 | D:6      | Reached skill level 8 in Unarmed Combat
  4791 | D:6      | Noticed a troll
  4797 | D:6      | Killed a troll
  4948 | D:6      | Found Dixaheg's General Store.
  4963 | D:6      | Bought a potion of flight for 30 gold pieces
  4963 | D:6      | Bought 2 potions of might for 80 gold pieces
  4963 | D:6      | Bought a scroll of identify for 20 gold pieces
  5420 | D:6      | Found a staircase to the Ecumenical Temple.
  5586 | D:6      | Found a white marble altar of Elyvilon.
  5673 | D:6      | Found a glowing golden altar of the Shining One.
  5918 | D:7      | Reached skill level 9 in Unarmed Combat
  5918 | D:7      | Reached XP level 10. HP: 53/53 MP: 11/11
  6121 | D:7      | Found a shadowy altar of Dithmenos.
  6730 | D:8      | Found a shimmering altar of Xom.
  7073 | D:8      | Found Latwexe's Book Shop.
  7188 | D:8      | Found a shimmering blue altar of Sif Muna.
  7636 | D:8      | Reached skill level 10 in Unarmed Combat
  7640 | D:8      | Reached **** piety under Trog
  7762 | D:8      | Found a runed translucent gate.
  7762 | D:8      | Found a runed translucent gate.
  7762 | D:8      | Found a runed translucent gate.
  7763 | D:8      | Noticed a cyan ugly thing
  7763 | D:8      | Noticed a brown ugly thing
  7763 | D:8      | Noticed a green ugly thing
  7763 | D:8      | Noticed a red ugly thing
  7764 | D:8      | Noticed a red ugly thing
  7966 | D:8      | Killed a green ugly thing
  7970 | D:8      | Killed a brown ugly thing
  7977 | D:8      | Killed a purple ugly thing
  7978 | D:8      | Reached XP level 11. HP: 58/58 MP: 12/12
  7982 | D:8      | Killed a cyan ugly thing
  7983 | D:8      | Reached skill level 11 in Unarmed Combat
  7989 | D:8      | Killed a cyan ugly thing
  8031 | D:8      | Found a runed translucent gate.
  8031 | D:8      | Found a runed translucent gate.
  8036 | D:8      | Found a runed translucent gate.
  8036 | D:8      | Noticed drugrobin's ghost (novice DgDe)
  8039 | D:8      | Noticed a moth of wrath
  8039 | D:8      | a swamp worm changed into a moth of wrath
  8053 | D:8      | Mangled by a tarantella (shapeshifter)

Illustrated notes

Levels and vault maps discovered:
D:1:      evilmike_arrival_rings, layout_basic,
          shapermc_ecumenical_altar_mp_vishouse, kennysheep_nondescript
D:2:      layout_basic, dilly_guarded_unrand_morg
D:3:      layout_basic, grunt_temple_overflow_open
D:4:      layout_basic, grunt_temple_overflow_lords_of_destruction, st_stairs_9,
          feat_on_display, uniq_grinder
D:5:      layout_basic, mainiacjoe_overflow_cross_hatched,
          nicolae_overflow_crystal_walls, mainiacjoe_overflow_chevrons
D:6:      minmay_chambers_of_sixes, layout_layer_cave, tso_oasis_becter,
          lemuel_coloured_pillars_altar, lemuel_temple_firewalk_b, serial_shops,
          nicolae_square_shop
D:7:      layout_basic, nicolae_dithmenos_shadow_blocks
D:8:      layout_basic, xom_teletrap_fun, lemuel_blue_sif_altar,
          ploomutoo_gammafunk_ghost_potion_laboratory, serial_shops,
          nicolae_shop_window_shopping, serial_co_window_serial,
          co_window_paths_b, co_window_corner_a, co_window_paths_a,
          co_window_paths_a, co_window_paths_a, co_window_corner_b,
          co_window_corner_b, co_window_2corner, co_window_corner_b,
          co_window_of_opportunity_b, co_window_cross_4, co_window_corner_cb,
          co_window_paths_e, glass_columns_c, glass_columns_a,
          hangedman_incinerator

Skill      XL: |  1  2  3  4  5  6  7  8  9 10 11 |
---------------+----------------------------------+-----
Fighting       | 3 4 5 6 7 |  7.2
Stealth        | 1 2 3 |  3.4
Armour         | 2 3 4 5 6 8 |  8.4
Unarmed Combat | 4 5 7 9 10 11 | 11.2
Dodging        | 2 3 |  3.2
Evocations     | |  0.1

Action                   |  1- 3 |  4- 6 |  7- 9 | 10-12 || total
-------------------------+-------+-------+-------+-------++-------
Melee: Unarmed           |    78 |    89 |   263 |   163 ||   593
       Bite              |    18 |    15 |    82 |    53 ||   168
       Punch             |     2 |     3 |     6 |    10 ||    21
Invok: Berserk           |     2 |     2 |     5 |     4 ||    13
       Trog's Hand       |       |       |     1 |       ||     1
Evoke: Wand              |       |       |     1 |       ||     1
  Use: Scroll            |       |     1 |     7 |     1 ||     9
       Potion            |       |       |     2 |       ||     2
 Stab: Sleeping          |       |     1 |     2 |       ||     3
Armor: Animal skin       |    16 |     3 |       |       ||    19
       Ring mail         |       |    17 |     8 |       ||    25
       Plate armour      |       |       |   153 |    88 ||   241
Dodge: Dodged            |    44 |    31 |    97 |    89 ||   261

Table legend: (Time is in decaauts)
 A = Elapsed time spent in this place.
 B = Non-inter-level travel time spent in this place.
 C = Inter-level travel time spent in this place.
 D = Time resting spent in this place.
 E = Time spent auto-exploring this place.
 F = Levels seen in this place.
 G = Mean time per level.
                   A        B        C        D        E       F      G
               +--------+--------+--------+--------+--------+-----+--------+
         Total |   8075 |   7815 |    260 |    632 |   5947 |   8 | 1009.4 |
       Dungeon |   8075 |   7815 |    260 |    632 |   5947 |   8 | 1009.4 |
               +--------+--------+--------+--------+--------+-----+--------+

Top non-repeatable levels by time:
     D:1: 1627 daAuts
     D:6: 1271 daAuts
     D:8: 1230 daAuts
     D:7: 1001 daAuts
     D:3: 863 daAuts
     D:5: 756 daAuts
     D:2: 673 daAuts
     D:4: 651 daAuts
